 Dungeon Crawl Stone Soup version 0.26.1-10-gdfb7c7de75 (webtiles) character file.

Game seed: 8399733110311527317

95 Chiseanne the Magician (level 4, 8/30 HPs)
             Began as a Demonspawn Hedge Wizard on Apr 10, 2021.
             Quit the game on level 3 of the Dungeon.
             The game lasted 00:03:47 (3056 turns).

Chiseanne the Magician (Demonspawn Hedge Wizard)    Turns: 3056, Time: 00:03:48

Health: 8/30       AC:  3    Str: 10    XL:     4   Next: 40%
Magic:  0/9        EV: 12    Int: 17    God:
Gold:   123        SH:  0    Dex: 12    Spells: 4/10 levels left

rFire    . . .     SeeInvis .   a - +3 dagger (freeze)
rCold    . . .     Faith    .   (no shield)
rNeg     . . .     Spirit   +   b - +0 robe
rPois    .         Reflect  .   c - +0 hat
rElec    .         Harm     .   (no cloak)
rCorr    .         Rampage  .   h - +0 pair of gloves
Will     .....                  (no boots)
Stlth    ++........             (no amulet)
HPRegen  0.10/turn              (no ring)
MPRegen  0.11/turn              (no ring)

@: very slightly contaminated
A: hooves 1, horns 1, magic shield
a: no special abilities


You were on level 3 of the Dungeon.
You visited 1 branch of the dungeon, and saw 3 of its levels.

You collected 123 gold pieces.

Inventory:

Hand Weapons
 a - a +3 dagger of freezing (weapon)
 k - a +0 rapier
Missiles
 f - 60 stones
 g - 26 arrows
 i - 80 sling bullets
 l - 14 poisoned darts
 n - 8 boomerangs
Armour
 b - a +0 robe (worn)
 c - a +0 hat (worn)
 h - a +0 pair of gloves (worn)
Jewellery
 d - an uncursed amulet of faith {unknown}
Potions
 e - a potion of brilliance {unknown}
 j - a potion of magic {unknown}


   Skills:
 - Level 1.7 Dodging
 - Level 1.7 Stealth
 * Level 3.9 Spellcasting
 * Level 2.8 Conjurations
 - Level 1.0 Summonings
 - Level 0.8 Translocations
 * Level 0.6 Air Magic
 * Level 0.8 Poison Magic


You had 4 spell levels left.
You knew the following spells:

 Your Spells              Type           Power        Failure   Level
a - Magic Dart            Conj           52%          4%          1
b - Blink                 Tloc           N/A          17%         2
d - Mephitic Cloud        Conj/Pois/Air  8%           26%         3

Your spell library contained the following spells:

 Spells                   Type           Power        Failure   Level
 Call Imp                 Summ           6%           16%         2
 Slow                     Hex            3%           24%         2
 Conjure Flame            Conj/Fire      8%           26%         3


Dungeon Overview and Level Annotations

Branches:
Dungeon (3/15)

Altars:
Wu Jian


Innate Abilities, Weirdness & Mutations

You have large cloven feet.
You have a pair of small horns on your head.
When hurt, damage is shared between your health and your magic reserves.


Message History

The orc shouts!
The orc priest barely misses you.
Casting: Magic Dart (safe; 6% risk of failure)
Confirm with . or Enter, or press ? or * to list all spells.
You don't have enough magic to cast that spell.
Casting: Magic Dart (safe; 6% risk of failure)
Confirm with . or Enter, or press ? or * to list all spells.
You don't have enough magic to cast that spell.
Casting: Magic Dart (safe; 6% risk of failure)
Confirm with . or Enter, or press ? or * to list all spells.
You don't have enough magic to cast that spell.
You closely miss the orc priest.
The orc priest is severely wounded.
The orc priest hits you but does no damage.
You hit the orc priest. You freeze the orc priest.
You kill the orc priest!
You have reached level 4!
You feel clever.
Your demonic ancestry asserts itself...
Your feet thicken and deform.
Are you sure you want to abandon this character and quit the game? (Confirm with "yes".)

#..####.######.
#..............
#....)#.######.
#.....#.#
#.....#.#
#.....#.#
#####o####..
#.....^########
#......@.......
#.....)########
#####'## #.#
#.# ... ..


You could see an orc.

Vanquished Creatures
  An orc priest (D:3)
  2 adders
  A worm (D:2)
  A dart slug (D:1)
  3 bats
  9 goblins
  2 hobgoblins
  5 jackals
  3 frilled lizards
  8 kobolds
  8 rats
43 creatures vanquished.

Notes
Turn   | Place    | Note
-------+----------+-------------------------------------------
     0 | D:1      | Chiseanne the Demonspawn Hedge Wizard began the quest for
                  | the Orb.
     0 | D:1      | Reached XP level 1. HP: 13/13 MP: 4/4
   309 | D:1      | Gained mutation: When hurt, damage is shared between your
                  | health and your magic reserves. [demonic ancestry]
   309 | D:1      | Reached XP level 2. HP: 9/19 MP: 1/6
  1356 | D:2      | Learned a level 2 spell: Blink
  1425 | D:2      | Found an ornate altar of the Wu Jian Council.
  1732 | D:2      | Gained mutation: You have a pair of small horns on your
                  | head. [demonic ancestry]
  1732 | D:2      | Reached XP level 3. HP: 24/24 MP: 6/8
  2980 | D:3      | Learned a level 3 spell: Mephitic Cloud
  3056 | D:3      | Gained mutation: You have large cloven feet. [demonic
                  | ancestry]
  3056 | D:3      | Reached XP level 4. HP: 8/30 MP: 0/9
  3056 | D:3      | Quit the game

Illustrated notes

Levels and vault maps discovered:
D:1:      ncdulo_watergridlock, layout_basic
D:2:      layout_basic, nzn_wu_jian_contemplation, minmay_misc_feat_five
D:3:      layout_basic, saegor_snake_ambush

Skill      XL: |  1  2 |
---------------+-------+-----
Conjurations   | 2 |  2.8
Dodging        | |  1.7
Stealth        | |  1.7
Spellcasting   | |  3.9
Summonings     | |  1.0
Translocations | |  0.8
Air Magic      | |  0.6
Poison Magic   | |  0.8

Action                   |  1- 3 |  4- 6 || total
-------------------------+-------+-------++-------
Melee: Dagger            |    29 |       ||    29
       Headbutt          |     1 |       ||     1
 Cast: Magic Dart        |    91 |       ||    91
  Use: Scroll            |     2 |       ||     2
Armor: Robe              |    12 |       ||    12
Dodge: Dodged            |    28 |       ||    28
